 Seeded DCSS version 0.30.0-18-gc0e69614cb (webtiles) character file.

Game seed: 6351066067085065685 (custom seed)

951 Esekla the Grave Robber (level 7, 0/40 HPs)
             Began as a Deep Elf Necromancer on May 25, 2023.
             Was a Believer of Vehumet.
             Slain by a sky beast (6 damage)
             ... in the Ecumenical Temple.
             The game lasted 00:27:37 (5103 turns).

Esekla the Grave Robber (Deep Elf Necromancer)      Turns: 5103, Time: 00:27:37

Health: 0/40       AC:  4    Str:  5    XL:     7   Next: 90%
Magic:  10/18      EV: 15    Int: 22    God:    Vehumet [**....]
Gold:   295        SH:  0    Dex: 18    Spells: 12/18 levels left

rFire   . . .        a - +5 rapier of the Hero {heavy, rN+ Dex+3}
rCold   . . .        (no shield)
rNeg    + . .        c - +0 robe
rPois   .            v - +0 helmet
rElec   .            (no cloak)
rCorr   .            B - +0 pair of gloves
SInv    .            (no boots)
Will    .....        f - amulet of magic regeneration
Stlth   +++          (no ring)
HPRegen 0.26/turn    (no ring)
MPRegen 0.56/turn

%: no passive effects
@: very slightly contaminated
A: no striking features
a: Renounce Religion


You were in the Ecumenical Temple.
You worshipped Vehumet.
Vehumet was pleased with you.
You visited 2 branches of the dungeon, and saw 7 of its levels.

You collected 295 gold pieces.

Inventory:

Hand Weapons
 a - the +5 rapier of the Hero (weapon) {heavy, rN+ Dex+3}
   (You found it on level 3 of the Dungeon)

   Dex:       It affects your dexterity (+3).
   rN:        It protects you from negative energy.
 r - a +0 trident
 y - a +2 vampiric dagger
Missiles
 n - 5 poisoned darts (quivered)
 D - a throwing net
Armour
 c - a +0 robe (worn)
 v - a +0 helmet (worn)
 B - a +0 pair of gloves (worn)
Jewellery
 f - an amulet of magic regeneration (around neck)
Wands
 m - a wand of roots (16)
 z - a wand of flame (14)
Scrolls
 e - 3 scrolls of fear {unknown}
 k - 2 scrolls of fog {unknown}
 o - 2 scrolls of amnesia {unknown}
 p - 2 scrolls of blinking {unknown}
 q - a scroll of enchant armour {unknown}
 s - a scroll of immolation {unknown}
 t - 3 scrolls of enchant weapon {unknown}
 w - a scroll of summoning {unknown}
 x - a scroll of magic mapping {unknown}
 C - a scroll of silence {unknown}
Potions
 b - a potion of magic
 d - a potion of ambrosia
 g - 3 potions of attraction {unknown}
 h - 2 potions of heal wounds {unknown}
 i - a potion of haste
 j - 6 potions of curing
 l - 3 potions of brilliance
 u - a potion of mutation {unknown}
 A - a potion of lignification


   Skills:
 * Level 2.7 Fighting
 + Level 2.9 Short Blades
 + Level 0.9 Throwing
 * Level 5.1 Dodging
 + Level 4.2 Stealth
 * Level 6.2 Spellcasting
 + Level 6.9 Necromancy


You had 12 spell levels left.
You knew the following spells:

 Your Spells              Type           Power      Damage    Failure   Level
a - Necrotise             Necr           100%       1d9       1%          1
d - Vampiric Draining     Necr           37%        2d8       1%          3
o - Scorch                Fire           12%        2d5       14%         2

Your spell library contained the following spells:

 Spells                   Type           Power      Damage    Failure   Level
 Animate Dead             Necr           37%        N/A       5%          4
 Lesser Beckoning         Tloc           12%        N/A       14%         2
 Agony                    Necr           37%        N/A       14%         5
 Gell's Gravitas          Tloc           6%         N/A       26%         3
 Spider Form              Tmut/Pois      6%         N/A       26%         3
 Teleport Other           Tloc           6%         N/A       26%         3
 Cause Fear               Hex            3%         N/A       65%         4
 Summon Mana Viper        Hex/Summ       6%         N/A       94%         5


Dungeon Overview and Level Annotations

Branches:
Dungeon (6/15)             Temple (1/1) D:6

Altars:
Cheibriados
Dithmenos
Hepliaklqana
Okawaru
Qazlal
Trog
Vehumet
Xom
Zin
The Shining One

Shops:
D:2 =   D:4 (

Annotations:
D:6 Pikel


Message History

Found a snail-covered altar of Cheibriados and a shimmering altar of Xom.
There is a staircase back to the Dungeon here.
You start waiting.
Something hits you but does no damage.
Deactivating autopickup; reactivate with Ctrl-A.
You start waiting.
Something hits you. Something shocks you.
Something hits you but does no damage. Something closely misses you.
There is a staircase back to the Dungeon, spattered with blood here.
You closely miss something. Something hits you. Something shocks you.
Something hits you. Something shocks you.
Casting: Vampiric Draining (safe; 1% risk of failure)
Confirm with . or Enter, or press ? or * to list all spells.
Aiming: Vampiric Draining (safe; 1% risk of failure)
Press: ? - help, Shift-Dir - straight line You miscast Vampiric Draining.
You are very lightly contaminated with residual magic.
Nothing appears to happen.
Something hits you.
* * * LOW HITPOINT WARNING * * *
Something shocks you.
* * * LOW HITPOINT WARNING * * *
Casting: Vampiric Draining (safe; 1% risk of failure)
Confirm with . or Enter, or press ? or * to list all spells.
Aiming: Vampiric Draining (safe; 1% risk of failure)
Press: ? - help, Shift-Dir - straight line You draw life force from something!
You feel life coursing into your body. Something hits you.
* * * LOW HITPOINT WARNING * * *
Something shocks you.
* * * LOW HITPOINT WARNING * * *
Casting: Vampiric Draining (safe; 1% risk of failure)
Confirm with . or Enter, or press ? or * to list all spells.
Aiming: Vampiric Draining (safe; 1% risk of failure)
Press: ? - help, Shift-Dir - straight line You draw life force from something!
You feel life coursing into your body.
A sky beast appears from thin air!
Reactivating autopickup.
The sky beast hits you.
* * * LOW HITPOINT WARNING * * *
The sky beast shocks you.
You die...

#### ....#####
........####
...........###
...._........###
...............#
........@.......
........Y.......
................
⌠..........._...
................
................
..⌠...........8.
................


You could see a sky beast.

Vanquished Creatures
  An ice beast (D:6)
  A black bear (D:2)
  An ogre (D:5)
  A lemure (D:6)
  2 scorpions (D:5)
  A gnoll bouda (D:4)
  4 hounds
  A sleepcap (D:5)
  4 iguanas
  11 gnolls
  9 adders
  2 white imps
  A worm (D:4)
  3 dart slugs
  10 orcs
  6 ball pythons
  4 bats
  4 endoplasms
  8 goblins
  5 hobgoblins
  A quokka (D:1)
  4 frilled lizards
  5 kobolds
  A rat (D:2)
90 creatures vanquished.

Notes
Turn   | Place    | Note
-------+----------+-------------------------------------------
     0 | D:1      | Esekla the Deep Elf Necromancer began the quest for the
                  | Orb.
     0 | D:1      | Reached XP level 1. HP: 10/10 MP: 6/6
   213 | D:1      | Reached skill level 5 in Necromancy
   216 | D:1      | Reached XP level 2. HP: 8/15 MP: 8/8
   599 | D:4      | Found a radiant altar of Vehumet.
   603 | D:4      | Became a worshipper of Vehumet
   937 | D:1      | Reached XP level 3. HP: 20/20 MP: 9/9
  1011 | D:2      | Learned a level 3 spell: Vampiric Draining
  1116 | D:2      | Noticed a black bear
  1141 | D:2      | Reached XP level 4. HP: 23/24 MP: 7/11
  1183 | D:2      | Reached skill level 1 in Fighting
  1214 | D:2      | Found Renulab's Jewellery Shop.
  1335 | D:2      | Found a faded altar of an unknown god.
  1594 | D:2      | Killed a black bear
  1595 | D:2      | Reached skill level 1 in Short Blades
  1595 | D:2      | Reached XP level 5. HP: 27/29 MP: 8/13
  2116 | D:3      | Reached * piety under Vehumet
  2116 | D:3      | Offered knowledge of Foxfire by Vehumet.
  2298 | D:3      | Identified the +5 rapier of the Hero {heavy, rN+ Dex+3}
  2583 | D:3      | Found a stormy altar of Qazlal.
  2585 | D:3      | Found a bloodstained altar of Trog.
  2619 | D:3      | Found a hazy altar of Hepliaklqana.
  2863 | D:4      | Found Ponaysk's Antique Weapon Boutique.
  2991 | D:4      | Found a glowing silver altar of Zin.
  3003 | D:4      | Found an iron altar of Okawaru.
  3046 | D:4      | Reached XP level 6. HP: 35/35 MP: 14/14
  3113 | D:5      | Entered Level 5 of the Dungeon
  3230 | D:5      | Got the Parchment of the Lumpy Olives
  3613 | D:5      | Reached skill level 5 in Spellcasting
  3670 | D:5      | Reached XP level 7. HP: 39/40 MP: 16/16
  3873 | D:5      | Found a shadowy altar of Dithmenos.
  3956 | D:5      | Reached skill level 5 in Dodging
  4367 | D:6      | Noticed Pikel
  4702 | D:4      | Offered knowledge of Scorch by Vehumet.
  4713 | D:3      | Learned a level 2 spell: Scorch
  4732 | D:4      | Found a glowing golden altar of the Shining One.
  4928 | D:4      | Reached ** piety under Vehumet
  5067 | D:6      | Found a staircase to the Ecumenical Temple.
  5095 | Temple   | Entered the Ecumenical Temple
  5102 | Temple   | HP: 1/40 [something (6)]
  5103 | Temple   | Slain by a sky beast

Illustrated notes

Levels and vault maps discovered:
D:1:      sevenhm_arrival_forest_fort_small_3, layout_rooms,
          chequers_serial_rivers_room_b, minmay_misc_feat_five
D:2:      layout_loops_ring, dreamdust_ecumenical_altar_angels_and_demons,
          serial_shops, shop
D:3:      layout_basic, grunt_temple_overflow_open, minmay_misc_feat_iff
D:4:      layout_basic, nicolae_overflow_quartered_altars, serial_shops,
          nicolae_diamond_shop
D:5:      layout_loops_ring, lemuel_doored_altar, minmay_misc_feat_rows,
          dreamdust_wishing_well
D:6:      layout_loops_cross, fedhas_altar_fruit_tree,
          minmay_temple_entry_glass, uniq_pikel, uniq_blork_the_orc
Temple:   compressed_dpeg_circular_temple

Skill      XL: |  1  2  3  4  5  6  7 |
---------------+----------------------+-----
Necromancy     | 5 6 |  6.9
Dodging        | 3 4 5 |  5.1
Fighting       | 1 2 |  2.7
Short Blades   | 1 2 |  2.9
Stealth        | 3 4 |  4.2
Spellcasting   | 4 5 6 |  6.2
Throwing       | |  0.9

Action                     |  1- 3 |  4- 6 |  7- 9 || total
---------------------------+-------+-------+-------++-------
  Melee: Short sword       |    10 |       |       ||    10
         Unarmed           |     9 |       |       ||     9
         Dagger            |    68 |    57 |       ||   125
         Rapier            |       |    43 |    47 ||    90
         Punch             |       |     1 |       ||     1
  Throw: Dart              |       |    14 |     8 ||    22
   Cast: Vampiric Draining |     3 |    11 |    23 ||    37
         Scorch            |       |       |     2 ||     2
  Evoke: Wand              |       |       |     1 ||     1
    Use: Scroll            |       |     4 |     1 ||     5
   Stab: Sleeping          |     1 |     8 |     2 ||    11
 Armour: Robe              |    16 |    11 |     9 ||    36
  Dodge: Dodged            |    42 |    74 |    70 ||   186
